 Dungeon Crawl Stone Soup version 0.25-a0-829-g4e6a552925 (webtiles) character file.

Game seed: 4332582278947918137, levelgen mode: deterministic

100 Maedhros the Charlatan (level 4, -5/28 HPs)
             Began as an Octopode Artificer on Apr 21, 2020.
             Killed by divine providence
             ... invoked by an orc priest
              (14 damage)
             ... on level 4 of the Dungeon.
             The game lasted 00:01:07 (1918 turns).

Maedhros the Charlatan (Octopode Artificer)         Turns: 1918, Time: 00:01:07

Health: -5/28      AC:  1    Str: 11    XL:     4   Next: 73%
Magic:  7/7        EV: 13    Int: 13    God:
Gold:   156        SH:  0    Dex: 13    Spells: 3/3 levels left

rFire    . . .     SeeInvis .   l - +1 dagger (venom)
rCold    . . .     Gourm    .   (no shield)
rNeg     + . .     Faith    .   (helmet restricted)
rPois    .         Spirit   .   (no amulet)
rElec    .         Reflect  .   a - ring of positive energy
rCorr    .         Harm     .   (no ring)
MR       .....                  (no ring)
Stlth    +++.......             (no ring)
HPRegen  0.09/turn              (no ring)
MPRegen  0.10/turn              (no ring)
                                (no ring)
                                (no ring)

@: no status effects
A: almost no armour, stealthy swim, amphibious, 8 rings, constrict 8, camouflage
1, gelatinous body 1
a: no special abilities


You were on level 4 of the Dungeon.
You were not hungry.

You visited 1 branch of the dungeon, and saw 4 of its levels.

You collected 156 gold pieces.

Inventory:

Hand Weapons
 l - a +1 dagger of venom (weapon)
Jewellery
 a - a ring of positive energy (left tentacle)
Wands
 b - a wand of flame (15)
 c - a wand of enslavement (14)
 d - a wand of random effects (15)
Scrolls
 e - 5 scrolls of remove curse {unknown}
 h - a scroll of magic mapping {unknown}
 j - a scroll of enchant armour {unknown}
 o - 3 scrolls of blinking {unknown}
Potions
 g - 2 potions of curing {unknown}
 i - a potion of ambrosia {unknown}
 k - a potion of degeneration {unknown}
 n - 4 potions of heal wounds {unknown}
Comestibles
 f - 2 rations
 m - 3 chunks of flesh


   Skills:
 - Level 1.0 Fighting
 - Level 1.0 Short Blades
 - Level 2.0 Dodging
 + Level 3.3 Stealth
 * Level 2.8 Unarmed Combat
 + Level 4.0 Evocations


You had 3 spell levels left.
You didn't know any spells.
Your spell library was empty.

Dungeon Overview and Level Annotations

Branches:
Dungeon (4/15)
 Temple: D:4-7

Altars:
Yredelemnul


Innate Abilities, Weirdness & Mutations

You cannot wear most types of armour.
You are very stealthy in the water. (Stealth+)
You are amphibious.
You can wear up to eight rings at the same time.
You can use your tentacles to constrict eight enemies at once.
Your skin changes colour to match your surroundings (Stealth+).
Your rubbery body absorbs attacks. (AC +1, EV +1)


Message History

The orc priest calls upon Beogh to heal the orc.
The orc's wounds heal themselves!
You kill the orc!
The orc priest looks braver for a moment.
Evoke which item? (* to show all) (? for menu, Esc to quit)
Aiming: Enslavement
Press: ? - help, Shift-Dir - straight line, f - orc priest
Aim: an orc priest, wielding a +0 dagger (chance to defeat MR: 58%)
The orc priest is charmed.
What are your orders? t - Shout!
Orders for allies: a - Attack new target. p - Attack previous target. r - Retreat! s - Stop attacking. g - Guard the area. f - Follow me.
Anything else - Cancel.
Guard this area!
The orc priest invokes the aid of Beogh against you.
Beogh smites you!
Ouch! That really hurt!
You die...

. ........# #.
##....##.# #..
.o..o.... #..
.o.###.#
#..####....o.#
#......[####.#
##.#.....)o..#
##.#.##.####.#######
#.......# ##.@<....#
#..$....# #........#
#.......# #..##.#..#
#.......# #..#..#..#
#.......# #..#.##..#
#.......# #........#
#...P.P.# ##.......#
###.._..# ###.#####
######.P.P.# #.#


You could see an orc priest and a friendly orc priest (wandering).

Vanquished Creatures
  An iguana (D:4)
  2 adders
  A worm (D:3)
  6 orcs
  3 giant cockroaches
  5 goblins
  7 hobgoblins
  3 jackals (D:3)
  4 kobolds
  4 bats
  A frilled lizard (D:3)
  10 rats
47 creatures vanquished.

Notes
Turn   | Place    | Note
-------+----------+-------------------------------------------
     0 | D:1      | Maedhros the Octopode Artificer began the quest for the
                  | Orb.
     0 | D:1      | Reached XP level 1. HP: 13/13 MP: 3/3
   436 | D:1      | Reached skill level 1 in Unarmed Combat
   436 | D:1      | Reached XP level 2. HP: 11/18 MP: 4/4
  1169 | D:2      | Reached XP level 3. HP: 17/23 MP: 5/5
  1534 | D:3      | Reached XP level 4. HP: 24/28 MP: 6/6
  1754 | D:4      | Found a basalt altar of Yredelemnul.
  1776 | D:4      | Reached skill level 4 in Evocations
  1918 | D:4      | Killed from afar by an orc priest

Levels and vault maps discovered:
D:1:      lightli_arrival_farm, layout_loops_ring
D:2:      layout_basic, lemuel_coloured_pillars_altar
D:3:      layout_basic
D:4:      layout_loops_cross, yredelemnul_altar_generic, led_sif_pool,
          nicolae_overflow_hidden_temple

Skill      XL: |  1  2  3  4 |
---------------+-------------+-----
Unarmed Combat | 1 2 |  2.8
Stealth        | 2 3 |  3.3
Evocations     | 4 |  4.0
Fighting       | |  1.0
Short Blades   | |  1.0
Dodging        | |  2.0

Action                   |  1- 3 |  4- 6 || total
-------------------------+-------+-------++-------
Melee: Short sword       |    32 |       ||    32
       Constrict         |    19 |     9 ||    28
       Tentacles         |    10 |     5 ||    15
       Dagger            |    39 |    22 ||    61
       Punch             |     1 |     1 ||     2
Evoke: Wand              |       |     1 ||     1
 Stab: Sleeping          |     6 |     1 ||     7
  Eat: Chunk             |     2 |     1 ||     3
Armor: Skin              |    11 |     1 ||    12
Dodge: Dodged            |    35 |    16 ||    51

Table legend:
 A = Non-vault XP
 B = Vault XP
 C = Vault XP percentage of total XP
 D = Non-vault monster count
 E = Vault monster count
 F = Vault count percentage of total count
                 A         B        C        D         E       F
            +---------+---------+-------+---------+---------+-------
      Total |     143 |       0 |   0.0 |      47 |       0 |   0.0
            +---------+---------+-------+---------+---------+-------
        D:1 |      22 |       0 |   0.0 |      14 |       0 |   0.0
        D:2 |      20 |       0 |   0.0 |       6 |       0 |   0.0
        D:3 |      50 |       0 |   0.0 |      21 |       0 |   0.0
        D:4 |      51 |       0 |   0.0 |       6 |       0 |   0.0
            +---------+---------+-------+---------+---------+-------
